 Dungeon Crawl Stone Soup version 0.30.0-30-g96aa6591b8 (webtiles) character file.

Game seed: 4717962284130221371

39 H0rd4k the Charlatan (level 3, 0/26 HPs)
             Began as a Human Artificer on June 26, 2023.
             Frozen to death by an endoplasm (3 damage)
             ... on level 2 of the Dungeon.
             The game lasted 00:01:03 (857 turns).

H0rd4k the Charlatan (Human Artificer)               Turns: 857, Time: 00:01:03

Health: 0/26       AC:  3    Str: 12    XL:     3   Next: 70%
Magic:  3/3        EV: 11    Int: 13    God:
Gold:   81         SH:  0    Dex: 13    Spells: 2/2 levels left

rFire   . . .        a - +0 club
rCold   . . .        (no shield)
rNeg    . . .        b - +0 leather armour
rPois   .            (no helmet)
rElec   .            (no cloak)
rCorr   .            (no gloves)
SInv    .            (no boots)
Will    .....        (no amulet)
Stlth   +            (no ring)
HPRegen 0.24/turn    (no ring)
MPRegen 0.08/turn

%: no passive effects
@: no status effects
A: no striking features
a: no special abilities


You were on level 2 of the Dungeon.
You visited 1 branch of the dungeon, and saw 2 of its levels.

You collected 81 gold pieces.

Inventory:

Hand Weapons
 a - a +0 club (weapon)
Missiles
 g - 4 curare-tipped darts
Armour
 b - a +0 leather armour (worn)
Jewellery
 k - a ring of magical power
Wands
 c - a wand of flame (15) (quivered)
 d - a wand of charming (12)
 e - a wand of iceblast (4)
Scrolls
 h - a scroll of teleportation {unknown}
 j - 3 scrolls of identify {unknown}
Potions
 f - a potion of might {unknown}
 i - a potion of heal wounds {unknown}


   Skills:
 + Level 1.2 Fighting
 + Level 1.2 Maces & Flails
 + Level 2.2 Armour
 + Level 1.4 Dodging
 + Level 1.1 Stealth
 + Level 3.5 Evocations


You had 2 spell levels left.
You didn't know any spells.
Your spell library was empty.

Dungeon Overview and Level Annotations

Branches:
Dungeon (2/15)

Altars:


Message History

Your endoplasm freezes the worm.
The worm is frozen.
The worm barely misses your endoplasm.
Your endoplasm hits the worm.
Your endoplasm freezes the worm.
The worm is frozen.
The worm dies!
The hobgoblin shouts!
The hobgoblin barely misses you.
You hit the hobgoblin but do no damage. The hobgoblin misses you.
The hobgoblin hits you with a +0 dagger.
You closely miss the hobgoblin. The hobgoblin barely misses you.
You barely miss the hobgoblin. The hobgoblin closely misses you.
You barely miss the hobgoblin.
The hobgoblin hits you with a +0 dagger.
* * * LOW HITPOINT WARNING * * *
You hit the hobgoblin but do no damage.
Your endoplasm freezes the hobgoblin.
The hobgoblin is frozen.
The hobgoblin hits your endoplasm with a +0 dagger.
Your endoplasm freezes the hobgoblin.
The hobgoblin is frozen.
The hobgoblin dies!
Really attack your endoplasm?
You hit your endoplasm but do no damage.
The endoplasm is no longer charmed.
The endoplasm quivers.
The endoplasm is almost dead.
The endoplasm freezes you.
You are frozen.
* * * LOW HITPOINT WARNING * * *
You hit the endoplasm but do no damage.
The endoplasm is almost dead.
The endoplasm freezes you.
You are frozen.
* * * LOW HITPOINT WARNING * * *
You hit the endoplasm but do no damage.
The endoplasm is almost dead.
The endoplasm freezes you.
You are frozen.
You die...

##########'####...#...
#........##...#
#.......†'.#
#........#.#
####...).#.# #.....#.#
#.....#.# #.......#.#
#...@J....#
#.....#########
#.##....†.....# #+
######.......#
#.......# #.......#
..(.....# #........#
#........#


You could see an endoplasm.

Vanquished Creatures
  An adder (D:2)
  2 giant cockroaches (D:1)
  2 goblins
  A hobgoblin (D:1)
  4 jackals (D:1)
  4 kobolds (D:1)
  3 ball pythons
  2 bats (D:1)
  3 rats (D:1)
22 creatures vanquished.

Vanquished Creatures (collateral kills)
  A worm (D:2)
  A hobgoblin (D:2)
  A rat (D:2)
3 creatures vanquished.

Vanquished Creatures (others)
  A kobold (D:1)
1 creature vanquished.

Grand Total: 26 creatures vanquished

Notes
Turn   | Place    | Note
-------+----------+-------------------------------------------
     0 | D:1      | H0rd4k the Human Artificer began the quest for the Orb.
     0 | D:1      | Reached XP level 1. HP: 15/15 MP: 1/1
    49 | D:1      | Reached XP level 2. HP: 16/21 MP: 2/2
   312 | D:1      | Reached XP level 3. HP: 26/26 MP: 3/3
   711 | D:2      | Reached skill level 1 in Maces & Flails
   857 | D:2      | Frozen to death by an endoplasm

Illustrated notes

Levels and vault maps discovered:
D:1:      scummos_arrival_star, layout_basic, lexackson_kobold_supper
D:2:      layout_basic, basic_ecumenical_altar

Skill      XL: |  1  2  3 |
---------------+----------+-----
Maces & Flails | 1 |  1.2
Fighting       | |  1.2
Armour         | |  2.2
Dodging        | |  1.4
Stealth        | |  1.1
Evocations     | |  3.5

Action                     || total
---------------------------++-------
  Melee: Club              ||   111
         Punch             ||     1
  Evoke: Wand              ||     4
 Armour: Leather armour    ||    27
  Dodge: Dodged            ||    55
